 Dungeon Crawl Stone Soup version 0.19.4-8-ga85b6b9 (webtiles) character file.

266 doot the Chopper (level 6, 0/53 HPs)
             Began as a Minotaur Fighter on Feb 7, 2017.
             Slain by an ogre
             ... wielding a +0 giant club
              (24 damage)
             ... on level 4 of the Dungeon.
             The game lasted 00:05:15 (2265 turns).

doot the Chopper (Minotaur Fighter)                 Turns: 2265, Time: 00:05:16

Health: 0/53       AC:  7    Str: 22    XL:     6   Next: 0%
Magic:  5/5        EV:  7    Int:  5    God:
Gold:   183        SH: 10    Dex: 10    Spells: 0 memorised, 5 levels left

rFire  . . .     SeeInvis .     a - +0 war axe
rCold  . . .     Gourm    .     b - +0 scale mail
rNeg   . . .     Faith    .     c - +0 shield
rPois  .         Spirit   .     (helmet restricted)
rElec  .         Reflect  .     (no cloak)
rCorr  .         Harm     .     (no gloves)
MR     .....                    (no boots)
Stlth  ..........               (no amulet)
                                (no ring)
                                (no ring)

@: no status effects
A: retaliatory headbutt, horns 2
a: no special abilities


You were on level 4 of the Dungeon.
You were very hungry.

You visited 1 branch of the dungeon, and saw 4 of its levels.

You collected 183 gold pieces.

Inventory:

Hand Weapons
 a - a +0 war axe (weapon)
Armour
 b - a +0 scale mail (worn)
 c - a +0 shield (worn)
Jewellery
 e - a -3 ring of protection
Wands
 w - a wand of confusion (19/48)
 y - a wand of confusion (25/48)
 z - a wand of enslavement (8/24)
Scrolls
 j - 3 scrolls of immolation
 l - a scroll of teleportation
 m - 2 scrolls of identify
 n - a scroll of fear {unknown}
 q - 2 scrolls of remove curse
 r - a scroll of magic mapping {unknown}
 t - a scroll of enchant armour {unknown}
Potions
 d - 3 potions of might
 g - a potion of cancellation
 i - a potion of magic {unknown}
 k - a potion of invisibility {unknown}
 o - a potion of cure mutation {unknown}
 s - a potion of curing {unknown}
 u - 3 potions of flight {unknown}
 v - a potion of haste {unknown}
 A - a potion of agility {unknown}
Comestibles
 f - 3 bread rations
 h - 2 meat rations
 p - a fruit
 x - a slice of pizza


   Skills:
 + Level 4.6 Fighting
 * Level 5.6 Axes
 + Level 4.6 Armour
 + Level 4.7 Shields


You had 5 spell levels left.
You didn't know any spells.

Dungeon Overview and Level Annotations

Branches:
Dungeon (4/15)
 Temple: D:4-7

Altars:
Elyvilon
Makhleb
Okawaru
Xom


Innate Abilities, Weirdness & Mutations

You reflexively headbutt those who attack you in melee.
You have a pair of horns on your head.


Message History

You feel stronger.
You start resting.
HP restored.
You now have 183 gold pieces (gained 5).
Found a stone staircase leading down.
z - a wand of enslavement
Found 13 stones.
An ogre comes into view. It is wielding a giant club.
The ogre shouts!
An orc and an orc wizard come into view.
The orc shouts!
The orc wizard shouts! 2 orcs come into view.
An orc comes into view. It is wielding a trident of flaming.
The orc shouts!
The ogre hits you with a giant club!!
Ouch! That really hurt!
You hit the ogre.
The ogre is lightly wounded.
The ogre hits you with a giant club!!
You die...

..............##..##...
..............#.....#.#+
..##.#####+##.#.........
..##.# #.#.........
..##.# #.#.........
####.# #........... #.#
#........... ...
#........... ...
#...@..####. ...
##.oOo.# #....(# #..oo.#
#.....# ###o... ......
.......


You could see an ogre, an orc wizard and 4 orcs.

Vanquished Creatures
  2 hounds
  A bullfrog skeleton (D:3)
  Jessica (D:3)
  A worker ant (D:3)
  5 adders
  3 worms (D:3)
  3 dart slugs
  A leopard gecko (D:2)
  An orc (D:3)
  5 bats
  9 giant cockroaches
  5 goblins
  6 hobgoblins
  3 jackals (D:3)
  A quokka (D:3)
  2 ball pythons
  5 frilled lizards
  6 kobolds (D:1)
  13 rats
  A toadstool (D:1)
74 creatures vanquished.

Vanquished Creatures (others)
  3 toadstools (D:1)
3 creatures vanquished.

Grand Total: 77 creatures vanquished

Notes
Turn   | Place    | Note
-------+----------+-------------------------------------------
     0 | D:1      | doot the Minotaur Fighter began the quest for the Orb.
     0 | D:1      | Reached XP level 1. HP: 19/19 MP: 0/0
    62 | D:1      | Reached XP level 2. HP: 22/27 MP: 1/1
   390 | D:2      | Reached skill level 3 in Axes
   390 | D:2      | Reached XP level 3. HP: 25/33 MP: 2/2
   799 | D:2      | Reached XP level 4. HP: 37/40 MP: 3/3
   976 | D:2      | Found a shimmering altar of Xom.
  1130 | D:3      | Found a white marble altar of Elyvilon.
  1204 | D:3      | Found an iron altar of Okawaru.
  1662 | D:3      | Reached skill level 4 in Axes
  1663 | D:3      | Noticed Jessica
  1669 | D:3      | Killed Jessica
  1669 | D:3      | Reached XP level 5. HP: 23/47 MP: 4/4
  1892 | D:3      | Found a burning altar of Makhleb.
  1897 | D:3      | Reached skill level 5 in Axes
  2172 | D:4      | Reached XP level 6. HP: 44/53 MP: 5/5
  2265 | D:4      | Slain by an ogre

Skill      XL: |  1  2  3  4  5 |
---------------+----------------+-----
Fighting       | 4 |  4.6
Shields        | 4 |  4.7
Axes           | 3 4 5 |  5.6
Armour         | 4 |  4.6

Action                   |  1- 3 |  4- 6 || total
-------------------------+-------+-------++-------
Melee: War axe           |    75 |    80 ||   155
       Headbutt          |    10 |    10 ||    20
  Use: Scroll            |     5 |       ||     5
  Eat: Chunk             |       |     3 ||     3
Armor: Scale mail        |    29 |    33 ||    62
Dodge: Dodged            |    20 |    21 ||    41
Block: Shield            |    36 |    36 ||    72
